 Dungeon Crawl Stone Soup version 0.23.2-40-g277498a001 (webtiles) character file.

Game seed: 17146262570575667629

212 H0rd4k the Charlatan (level 6, -2/44 HPs)
             Began as a Human Artificer on Oct 14, 2019.
             Slain by an orc
             ... wielding a +0 whip
              (4 damage)
             ... on level 3 of the Dungeon.
             The game lasted 00:04:15 (3882 turns).

H0rd4k the Charlatan (Human Artificer)              Turns: 3882, Time: 00:04:16

Health: -2/44      AC:  4    Str: 11 (14) XL:     6   Next: 14%
Magic:  8/8        EV: 12    Int: 16 (17) God:
Gold:   162        SH:  0    Dex: 10 (13) Spells: 5/5 levels left

rFire    . . .     SeeInvis .   r - +0 short sword (freeze)
rCold    . . .     Gourm    .   (no shield)
rNeg     . . .     Faith    .   b - +0 leather armour
rPois    .         Spirit   .   (no helmet)
rElec    .         Reflect  .   u - scarf {cloud immunity}
rCorr    .         Harm     .   (no gloves)
MR       .....                  k - +0 pair of boots
Stlth    +.........             (no amulet)
HPRegen  0.14/turn              (no ring)
MPRegen  0.11/turn              (no ring)

@: brilliant, lethally poisoned (-2 -> -5), flying, very slightly contaminated,
slowed, invisible, very slow
A: no striking features
a: no special abilities


You were on level 3 of the Dungeon.
You were not hungry.

You visited 1 branch of the dungeon, and saw 3 of its levels.

You collected 162 gold pieces.

Inventory:

Hand Weapons
 a - a +0 short sword
 l - a +2 short sword of holy wrath
 r - a +0 short sword of freezing (weapon)
Armour
 b - a +0 leather armour (worn)
 k - a +0 pair of boots (worn)
 t - a +0 cloak of invisibility
 u - a scarf of cloud immunity (worn)
Wands
 c - a wand of flame (34)
 d - a wand of enslavement (23)
 e - a wand of random effects (7)
 w - a wand of scattershot (8)
Scrolls
 h - 3 scrolls of identify {unknown}
 i - a scroll of noise {unknown}
 j - a scroll of enchant armour {unknown}
 s - a scroll of blinking {unknown}
 x - a scroll of teleportation {unknown}
Potions
 m - a potion of curing {unknown}
 n - a potion of degeneration
 o - a potion of brilliance
 p - a potion of might {unknown}
 q - a potion of flight
Comestibles
 f - 4 rations


   Skills:
 + Level 2.0 Fighting
 + Level 3.4 Short Blades
 + Level 2.1 Armour
 + Level 2.7 Dodging
 + Level 1.4 Stealth
 + Level 3.7 Evocations


You had 5 spell levels left.
You didn't know any spells.
Your spell library was empty.

Dungeon Overview and Level Annotations

Branches:
Dungeon (3/15)

Altars:
Cheibriados
Hepliaklqana
Nemelex Xobeh
Ru

Annotations:
D:3 1 runed translucent door, 2 transporters, Crazy Yiuf; Tiareth's ghost, amateur DEWz


Message History

It was a potion of invisibility.
You fade into invisibility!
* * * LOW HITPOINT WARNING * * *
You feel sick. The orc closely misses you. The orc completely misses you.
You are very lightly contaminated with residual magic.
* * * LOW HITPOINT WARNING * * *
You feel sick.
It was a potion of brilliance.
You feel clever all of a sudden.
* * * LOW HITPOINT WARNING * * *
You feel sick. The orc barely misses you. x2
It was a potion of degeneration.
There was something very wrong with that liquid.
You feel weakened.
You feel dopey.
You feel clumsy.
* * * LOW HITPOINT WARNING * * *
You feel sick. The orc barely misses you.
It was a potion of flight.
You feel very buoyant.
You fly up into the air.
The orc hits you with a +0 whip.
You die...

#...# #. ##..## #.
#....# #. ... ♣....♣
#. #.### ♣...♣♣ ##.
#>... # ♣♣.♣♣ #..
#.#.##.# ♣.♣♣ ##.
#......# ♣♣.♣ #.
#.#@# ♣.♣♣ ##
########.#o# ♣♣.♣
### #........?.# #+#
#.. #......(...##
... #..
##...........# #...#
#.. ##..###.....#.#
#..)# ##.
##..##.##........
##### #..
##..##...##...##..#
##<
##..##^._..##..##..#
#########


You could see an orc.

Vanquished Creatures
  Natasha (thrice) (D:2)
  3 adders
  An ooze (D:1)
  4 worms (D:2)
  A dart slug (D:2)
  2 leopard geckos (D:2)
  5 orcs (D:3)
  A ball python (D:1)
  9 bats
  5 giant cockroaches
  9 goblins
  4 hobgoblins
  15 jackals
  A quokka (D:3)
  5 frilled lizards
  9 kobolds
  7 rats
84 creatures vanquished.

Notes
Turn   | Place    | Note
-------+----------+-------------------------------------------
     0 | D:1      | H0rd4k the Human Artificer began the quest for the Orb.
     0 | D:1      | Reached XP level 1. HP: 15/15 MP: 3/3
   332 | D:1      | Reached XP level 2. HP: 13/21 MP: 4/4
   679 | D:1      | Reached XP level 3. HP: 14/26 MP: 5/5
  1038 | D:2      | Reached skill level 1 in Armour
  1163 | D:2      | Reached XP level 4. HP: 12/32 MP: 6/6
  1732 | D:2      | Found a snail-covered altar of Cheibriados.
  1732 | D:2      | Found a hazy altar of Hepliaklqana.
  1765 | D:2      | Found a sacrificial altar of Ru.
  1967 | D:2      | Noticed Natasha
  1976 | D:2      | Killed Natasha
  1976 | D:2      | Reached XP level 5. HP: 4/37 MP: 7/7
  2137 | D:2      | Noticed Natasha
  2148 | D:2      | Killed Natasha
  2311 | D:2      | Noticed Natasha
  2591 | D:2      | Killed Natasha
  3464 | D:3      | Found a runed translucent door.
  3465 | D:3      | Noticed Crazy Yiuf
  3561 | D:3      | Reached XP level 6. HP: 33/44 MP: 8/8
  3706 | D:3      | Found a transporter.
  3709 | D:3      | Noticed Tiareth's ghost (amateur DEWz)
  3728 | D:3      | Found a transporter.
  3832 | D:3      | Found a sparkling altar of Nemelex Xobeh.
  3881 | D:3      | HP: 2/44 [poisoned by kobold (curare-tipped needle)]
  3882 | D:3      | Slain by an orc

Skill      XL: |  1  2  3  4  5  6 |
---------------+-------------------+-----
Armour         | 1 2 |  2.1
Short Blades   | 2 3 |  3.4
Fighting       | 2 |  2.0
Dodging        | |  2.7
Stealth        | |  1.4
Evocations     | |  3.7

Action                   |  1- 3 |  4- 6 || total
-------------------------+-------+-------++-------
Melee: Short sword       |   155 |   194 ||   349
Evoke: Wand              |     1 |    15 ||    16
  Use: Potion            |       |     4 ||     4
 Stab: Sleeping          |     2 |     2 ||     4
       Paralysed         |       |     2 ||     2
  Eat: Chunk             |       |     6 ||     6
       Ration            |       |     1 ||     1
Armor: Leather armour    |    52 |    64 ||   116
Dodge: Dodged            |   110 |   126 ||   236
